 Dungeon Crawl Stone Soup version 0.30.0-5-g1a98f26d00 (webtiles) character file.

Game seed: 6856285373880699325

120 avis the Insei (level 5, -2/40 HPs)
             Began as a Merfolk Transmuter on May 11, 2023.
             Slain by Grinder (6 damage)
             ... on level 2 of the Dungeon.
             The game lasted 00:18:15 (3314 turns).

avis the Insei (Merfolk Transmuter)                 Turns: 3314, Time: 00:18:16

Health: -2/40      AC:  2    Str: 13    XL:     5   Next: 4%
Magic:  7/9        EV: 20    Int: 12    God:
Gold:   8          SH:  0    Dex: 19    Spells: 4/10 levels left

rFire   . .          .
                       - Unarmed
rCold   . . .        (shield currently unavailable)
rNeg    . . .        a - melded +0 robe
rPois   x            (helmet currently unavailable)
rElec   .            h - melded +2 cloak
rCorr   .            (gloves currently unavailable)
SInv    .            (boots currently unavailable)
Will    .....        (no amulet)
Stlth   ++           (no ring)
HPRegen 0.26/turn    (no ring)
MPRegen 0.11/turn

%: no passive effects
@: spider-form (expiring)
A: venomous fangs, tiny, (nimble swimmer 2), (mertail)
a: End Transformation


You were on level 2 of the Dungeon.
You were a venomous arachnid creature.
You visited 1 branch of the dungeon, and saw 3 of its levels.

You collected 129 gold pieces.
You spent 121 gold pieces at shops.

Inventory:

Hand Weapons
 b - a +0 sling
 w - a +0 rapier
Armour
 a - a +0 robe (melded)
 h - a +2 cloak (melded)
Scrolls
 e - a scroll of vulnerability {unknown}
 g - 3 scrolls of identify {unknown}
 i - a scroll of teleportation {unknown}
 k - a scroll of immolation {unknown}
 o - a scroll of brand weapon {unknown}
Potions
 c - 3 potions of mutation {unknown}
 d - 3 potions of curing
 f - a potion of flight {unknown}
 j - a potion of might {unknown}
 l - a potion of ambrosia
 m - a potion of cancellation {unknown}
 n - a potion of lignification


   Skills:
 * Level 2.9 Fighting
 - Level 3.0 Dodging
 - Level 1.0 Stealth
 - Level 4.0 Unarmed Combat
 - Level 3.0 Spellcasting
 - Level 3.0 Transmutations
 - Level 1.0 Poison Magic


You had 4 spell levels left.
You knew the following spells:

 Your Spells              Type           Power      Damage    Failure   Level
a - Beastly Appendage     Tmut           18%        N/A       19%         1
e - Wereblood             Tmut           9%         N/A       26%         2
p - Spider Form           Tmut/Pois      6%         N/A       54%         3

Your spell library contained the following spells:

 Spells                   Type           Power      Damage    Failure   Level
 Ice Form                 Ice/Tmut       5%         N/A       91%         4


Dungeon Overview and Level Annotations

Branches:
Dungeon (3/15)

Altars:
Kikubaaqudgha

Shops:
D:3 !

Annotations:
D:2 Grinder


Innate Abilities, Weirdness & Mutations

You are a venomous arachnid creature.
You have venomous fangs.
You are tiny and dextrous.
Your spellcasting is less reliable in this form.
Your armour is entirely melded.
You are incapable of wielding weapons or throwing items.
((You are very nimble when in or above water. (Stealth+, EV+, Speed+++)))
((Your lower body shifts to a powerful aquatic tail in water.))


Message History

You start resting.
Magic restored.
Casting: Spider Form (quite dangerous; 32% risk of failure)
Confirm with . or Enter, or press ? or * to list all spells.
The spell is quite dangerous to miscast (32% risk of failure)!
Continue anyway?
You miscast Spider Form.
You are very lightly contaminated with residual magic.
Nothing appears to happen.
You start resting.
Your magical contamination has completely faded away.
You start resting.
Magic restored.
Casting: Spider Form (quite dangerous; 32% risk of failure)
Confirm with . or Enter, or press ? or * to list all spells.
The spell is quite dangerous to miscast (32% risk of failure)!
Continue anyway?
You turn into a venomous arachnid creature.
Your +2 cloak melds into your body.
Your +0 robe melds into your body.
You climb downwards.
Level annotation: Grinder Grinder blinks!
There is a stone staircase leading up here.
Grinder gestures at you. Pain shoots through your body!
Your transformation is almost over.
Grinder hits you!
You writhe in agony.
You climb upwards.
There is a stone staircase leading down here.
You completely miss Grinder. Grinder hits you.
You writhe in agony.
You bite Grinder!
Grinder is moderately wounded.
Grinder hits you!
You writhe in agony.
* * * LOW HITPOINT WARNING * * *
You hit Grinder.
Grinder is moderately wounded.
You hit Grinder.
Grinder is poisoned.
Grinder is moderately wounded.
Grinder hits you.
* * * LOW HITPOINT WARNING * * *
You writhe in agony.
You die...

#.#### #.# #.# #...## #.#
#.############ #.# ##.### #.#
#..##........# #.# #.#.# #.##
##.##.######.# #.# #.... #..#
#.##.# #.# #.# ###.# ##.# #.##.#
#.# #.# #.# ##.# #.##.# #.#
#.######.# ##.######.##.######.#
#.........
.............[..s5#.###########.#
##.###.#####.####.#.............#
##.# #.# #.# #.#..############
.#.# #.# #.# #.#..# # .#.# #.#
#.####.#..############ .#.# #.#
#.....................
.#.###.#############.############
.....................#
##.############.######


You could see Grinder (very poisoned).

Vanquished Creatures
  An iguana (D:3)
  2 adders
  2 gnolls (D:1)
  A dart slug (D:2)
  6 ball pythons
  5 bats
  4 endoplasms (D:1)
  A giant cockroach (D:1)
  6 goblins
  6 hobgoblins
  3 quokkas
  3 frilled lizards
  5 kobolds
  6 rats
51 creatures vanquished.

Notes
Turn   | Place    | Note
-------+----------+-------------------------------------------
     0 | D:1      | avis the Merfolk Transmuter began the quest for the Orb.
     0 | D:1      | Reached XP level 1. HP: 15/15 MP: 3/3
   241 | D:1      | Reached XP level 2. HP: 22/22 MP: 3/5
   642 | D:1      | Reached skill level 4 in Unarmed Combat
   647 | D:1      | Learned a level 2 spell: Wereblood
   802 | D:1      | Reached XP level 3. HP: 27/27 MP: 4/6
   909 | D:1      | Reached skill level 1 in Stealth
   913 | D:1      | Learned a level 3 spell: Spider Form
  1578 | D:1      | Reached skill level 1 in Poison Magic
  2003 | D:2      | Found a faded altar of an unknown god.
  2013 | D:2      | Found an ancient bone altar of Kikubaaqudgha.
  2054 | D:2      | Reached XP level 4. HP: 26/33 MP: 0/7
  2918 | D:3      | Found Munau's Distillery.
  3093 | D:3      | Bought a potion of curing for 33 gold pieces
  3093 | D:3      | Bought a potion of ambrosia for 88 gold pieces
  3109 | D:3      | Reached XP level 5. HP: 40/40 MP: 7/9
  3224 | D:3      | Noticed Grinder
  3229 | D:3      | Paralysed by Grinder for 4 turns
  3314 | D:2      | Slain by Grinder

Illustrated notes

Levels and vault maps discovered:
D:1:      lightli_arrival_farm, layout_loops_corners, minmay_pentomino_s2
D:2:      layout_loops_ring, basic_altar, basic_ecumenical_altar
D:3:      layout_rooms, old_standard_altar, serial_shops, shop,
          minmay_lizard_king, uniq_grinder

Skill      XL: |  1  2  3  4 |
---------------+-------------+-----
Fighting       | 2 |  2.9
Unarmed Combat | 4 |  4.0
Dodging        | 3 |  3.0
Stealth        | 1 |  1.0
Transmutations | 3 |  3.0
Poison Magic   | 1 |  1.0
Spellcasting   | 3 |  3.0

Action                     |  1- 3 |  4- 6 || total
---------------------------+-------+-------++-------
  Melee: Unarmed           |    89 |    58 ||   147
         Headbutt          |     9 |     4 ||    13
         Punch             |     2 |     2 ||     4
   Cast: Beastly Appendage |    20 |     5 ||    25
         Spider Form       |     7 |     9 ||    16
Ability: End Transformatio |       |     1 ||     1
   Stab: Sleeping          |     4 |     2 ||     6
 Armour: Robe              |    14 |     4 ||    18
         Skin              |     2 |     1 ||     3
  Dodge: Dodged            |    41 |    44 ||    85
